[Event "Titled Tuesday Blitz April 19 Late 2022"]
[White "Nathan, Nitish"]
[Black "Aroesti, Roee"]
[WhiteFideId "30927870"]
[BlackFideId "2817144"]
[WhiteElo "2322"]
[BlackElo "2631"]
[Result "0-1"]
[Round "09"]
[TimeControl "180+1"]
[Date "2022.04.19"]
[WhiteClock "0:00:23"]
[BlackClock "0:00:08"]

1. d4 d5 2. Bf4 e6 3. e3 Bd6 4. Bg3 c5 5. c3 Nc6 6. Nf3 Nf6 7. Nbd2 O-O 8. Bd3 b6 9. O-O Bb7 10. Ne5 Ne7 11. Qb1 Ng6 12. Nxg6 hxg6 13. Nf3 Rc8 14. Ne5 Ne4 15. Bxe4 dxe4 16. Qd1 cxd4 17. exd4 Bxe5 18. Bxe5 f6 19. Bg3 Qd5 20. Qb3 g5 21. Qxd5 exd5 22. a3 Ba6 23. Rfe1 Kf7 24. f3 Rfe8 25. Kf2 Re6 26. Re3 f5 27. f4 g4 28. Ke1 Bc4 29. Kd2 Rh6 30. b4 Rhc6 31. Rc1 Bb5 32. Kc2 Ba4+ 33. Kb2 Rh6 34. Rce1 Bb5 35. Rc1 Bc4 36. Rce1 Rhc6 37. Rc1 Ra8 38. Ree1 a5 39. Re3 Rcc8 40. Rce1 Bd3 41. Ra1 axb4 42. cxb4 Rc2+ 43. Kb3 Rxg2 44. Rc1 Bc4+ 45. Rxc4 dxc4+ 46. Kxc4 Rd2 47. Kb5 Rxd4 48. Kxb6 Rd3 49. Re2 Raxa3 50. b5 Rab3 51. Kc6 Rdc3+ 52. Kb6 e3 53. Be1 Rd3 54. Ka6 Rd6+ 55. Ka5 Rd5 56. Ka4 Rdxb5 57. Bg3 Rb8 58. Re1 Rb2 59. Ka3 R2b6 60. Rxe3 Ra8# 0-1


[Site "https://www.chess.com"]

[Event "Titled Tuesday Blitz April 19 Late 2022"]
[White "Novikova, Galina"]
[Black "Lehtosaari, Mauri"]
[WhiteFideId "4157095"]
[BlackFideId "501999"]
[WhiteElo "1863"]
[BlackElo "2452"]
[Result "1-0"]
[Round "09"]
[TimeControl "180+1"]
[Date "2022.04.19"]
[WhiteClock "0:00:06"]
[BlackClock "0:00:01"]

1. e4 c5 2. Nf3 e6 3. b4 b6 4. bxc5 bxc5 5. c3 d5 6. e5 Nc6 7. d4 Qb6 8. Bd3 Ba6 9. O-O Bxd3 10. Qxd3 c4 11. Qe3 Nge7 12. Nbd2 Nf5 13. Qf4 h6 14. h4 Be7 15. a4 Qa5 16. Nb1 Rg8 17. Ba3 g5 18. hxg5 hxg5 19. Qd2 g4 20. Ne1 Kd7 21. Bxe7 Ncxe7 22. Nc2 Rh8 23. Ne3 Rh4 24. g3 Rh3 25. Nxg4 Rah8 26. Kg2 Ng6 27. Na3 Qd8 28. Rh1 Ngh4+ 29. gxh4 Qxh4 30. Nf6+ Ke7 31. Rab1 Rh2+ 32. Rxh2 Qxh2+ 33. Kf3 Rh3+ 34. Ke2 Re3+ 35. Kd1 Qg1+ 36. Kc2 Re1 37. Rxe1 1-0


[Site "https://www.chess.com"]

[Event "Titled Tuesday Blitz April 19 Late 2022"]
[White "Nozdrachev, Leonid"]
[Black "Stanisz, Patryk"]
[WhiteFideId "24113433"]
[BlackFideId "1123106"]
[WhiteElo "2242"]
[BlackElo "1833"]
[Result "1-0"]
[Round "09"]
[TimeControl "180+1"]
[Date "2022.04.19"]
[WhiteClock "0:00:44"]
[BlackClock "0:00:01"]

1. e4 d5 2. exd5 Nf6 3. c4 c6 4. d4 cxd5 5. Nc3 g6 6. Qb3 Bg7 7. cxd5 O-O 8. Nf3 Nbd7 9. Be2 Nb6 10. O-O Nbxd5 11. Be3 b6 12. Ne5 Bb7 13. Bf3 e6 14. Rac1 Qe7 15. a3 Nxc3 16. bxc3 Bxf3 17. Nxf3 Nd5 18. Bg5 Qb7 19. c4 Nf6 20. c5 Rac8 21. Ne5 Nd5 22. c6 Qa6 23. Nd7 Rfe8 24. Rfd1 Qe2 25. h3 h6 26. Bd2 Bxd4 27. Bxh6 Qxf2+ 28. Kh1 Be3 29. Rf1 Qg3 30. Rf3 Qxf3 31. gxf3 Bxc1 32. Bxc1 Rxc6 33. Bb2 Rec8 34. Nf6+ Nxf6 35. Bxf6 Rc1+ 36. Kg2 R8c2+ 37. Kg3 Rg1+ 38. Kf4 Rc5 39. Bd4 Rf5+ 40. Ke3 Re1+ 41. Kf2 Rc1 42. Bb2 Rcc5 43. Qd3 f6 44. Qd8+ Kh7 45. Qe7+ Kh6 46. Bd4 Rc2+ 47. Ke3 Rc4 48. Bxf6 Rcc5 49. Qg7+ Kh5 50. Qh7# 1-0


[Site "https://www.chess.com"]

[Event "Titled Tuesday Blitz April 19 Late 2022"]
[White "Omariev, Maksim"]
[Black "Zherebtsova, Alexandra"]
[WhiteFideId "4193423"]
[BlackFideId "24129518"]
[WhiteElo "2493"]
[BlackElo "2025"]
[Result "0-1"]
[Round "09"]
[TimeControl "180+1"]
[Date "2022.04.19"]
[WhiteClock "0:00:01"]
[BlackClock "0:00:04"]

1. g4 d5 2. Bg2 h5 3. g5 e5 4. d4 e4 5. c4 c6 6. h4 Nd7 7. Nc3 Nb6 8. cxd5 cxd5 9. Bf4 Bd6 10. Bxd6 Qxd6 11. e3 Bg4 12. Qb3 Ne7 13. Nge2 O-O-O 14. Nb5 Qb8 15. Rc1+ Nc6 16. a4 a6 17. a5 Nc4 18. Na3 Nxa3 19. Qxa3 Qd6 20. Rc5 Bxe2 21. Kxe2 Kb8 22. b4 Na7 23. Bh3 f6 24. Qb3 fxg5 25. hxg5 Rhf8 26. Qc3 Rf3 27. Bg2 Rf7 28. Rf1 Rdf8 29. Bh3 h4 30. g6 Rf6 31. Qb3 Qh2 32. Qxd5 Rxf2+ 33. Kd1 Rxf1+ 34. Bxf1 Rxf1# 0-1


[Site "https://www.chess.com"]

[Event "Titled Tuesday Blitz April 19 Late 2022"]
[White "Oparin, Grigoriy"]
[Black "Bortnyk, Olexandr"]
[WhiteFideId "24125890"]
[BlackFideId "14120828"]
[WhiteElo "2665"]
[BlackElo "2723"]
[Result "0-1"]
[Round "09"]
[TimeControl "180+1"]
[Date "2022.04.19"]
[WhiteClock "0:00:08"]
[BlackClock "0:00:02"]

1. d4 d6 2. c4 e5 3. Nf3 e4 4. Nfd2 f5 5. Nc3 g6 6. e3 Bh6 7. b4 Nf6 8. Bb2 O-O 9. g3 c6 10. a4 Be6 11. h4 Nbd7 12. Be2 a5 13. b5 c5 14. Nb3 Qe7 15. Qc2 cxd4 16. Nxd4 Bf7 17. h5 Bg7 18. hxg6 hxg6 19. Rd1 Rac8 20. Qb3 Nc5 21. Qa3 Nd3+ 22. Bxd3 exd3 23. Rxd3 Bxc4 24. Rd2 Rfe8 25. Nde2 Ng4 26. Nd1 Qe4 27. Rh4 g5 28. Rh5 Bxb2 29. Qxb2 Ne5 30. f4 Nf7 31. fxg5 Bxe2 32. Rxe2 Qf3 33. Rh3 Ne5 34. Qd4 Rc1 35. Qh4 Rxd1+ 36. Kxd1 Qf1+ 37. Kc2 Qxe2+ 38. Kb3 Qd3+ 39. Kb2 Nc4+ 0-1


[Site "https://www.chess.com"]

[Event "Titled Tuesday Blitz April 19 Late 2022"]
[White "Ozdemir, Serhan Berat"]
[Black "Soysal, Serkan"]
[WhiteFideId "6374611"]
[BlackFideId "6349250"]
[WhiteElo "1920"]
[BlackElo "2440"]
[Result "0-1"]
[Round "09"]
[TimeControl "180+1"]
[Date "2022.04.19"]
[WhiteClock "0:00:03"]
[BlackClock "0:00:03"]

1. e4 e5 2. Nf3 Nc6 3. d4 exd4 4. Bc4 Bc5 5. c3 Nf6 6. e5 d5 7. Bb5 Ne4 8. cxd4 Bb6 9. h3 O-O 10. Be3 Ne7 11. Nc3 Nf5 12. Bd3 Nxe3 13. fxe3 Ng3 14. Rg1 c5 15. Qc2 g6 16. O-O-O c4 17. Bf1 Ba5 18. Ne2 Bf5 19. Qa4 b5 20. Qxb5 Rb8 21. Qa4 Qb6 22. Qa3 Bb4 23. Qa4 Be7 24. Rd2 Ne4 25. Rc2 c3 26. g4 cxb2+ 27. Kb1 Nc3+ 28. Nxc3 Bxc2+ 29. Qxc2 Rfc8 30. Qd2 Bb4 31. Bd3 Bxc3 32. Qe2 Ba5 33. Bc2 Rc3 34. e6 Qxe6 35. Ne5 f6 36. Nf3 Qxe3 37. Qd1 Qxf3 38. Rf1 Qxd1+ 39. Rxd1 Rxc2 40. Re1 Rc1+ 0-1


[Site "https://www.chess.com"]

[Event "Titled Tuesday Blitz April 19 Late 2022"]
[White "Paravyan, David"]
[Black "Chigaev, Maksim"]
[WhiteFideId "4194985"]
[BlackFideId "4108116"]
[WhiteElo "2569"]
[BlackElo "2478"]
[Result "0-1"]
[Round "09"]
[TimeControl "180+1"]
[Date "2022.04.19"]
[WhiteClock "0:00:02"]
[BlackClock "0:00:02"]

1. e4 c5 2. Nf3 d6 3. d4 cxd4 4. Nxd4 Nf6 5. Nc3 a6 6. Bg5 Nbd7 7. f4 e6 8. Qf3 h6 9. Bh4 e5 10. Nf5 exf4 11. O-O-O g5 12. Bf2 Ne5 13. Qe2 Bxf5 14. exf5 Be7 15. h4 Rg8 16. hxg5 hxg5 17. Ne4 Kf8 18. Nxf6 Bxf6 19. Bc5 dxc5 20. Rxd8+ Rxd8 21. Qe4 Kg7 22. Qxb7 Rd7 23. Qxa6 Rgd8 24. Be2 Rd6 25. Qa3 g4 26. Rg1 c4 27. Qc5 Rd5 28. Qb4 Rd4 29. a3 Re4 30. Bd1 Re3 31. Kb1 c3 32. b3 Rd2 33. Qxf4 Red3 34. Bxg4 Rd4 35. Qe3 Nxg4 36. Qg3 Re2 37. Qf3 Re3 38. Qc6 Ne5 39. Qc7 Re2 40. g4 Nf3 41. g5 Nxg1 42. gxf6+ Kxf6 43. Qb6+ Ke5 44. Qc5+ Ke4 45. Qxc3 Nf3 46. Qc6+ Kf4 47. Qc7+ Ne5 48. f6 Rd1+ 49. Kb2 Rd7 50. Qc3 Rdd2 51. Qb4+ Ke3 52. Qc5+ Ke4 53. Qb4+ Rd4 54. Qb7+ Kf4 55. a4 Rdd2 56. Ka3 Rxc2 57. Qb4+ Kf5 58. Qh4 Ra2+ 59. Kb4 Rac2 60. Qh5+ Kxf6 61. Qh8+ Ke6 62. a5 Nc6+ 63. Kb5 Re5+ 64. Kb6 Nd4 65. Qe8+ Kd5 66. Qxf7+ Re6+ 67. Kb7 Rc6 68. b4 Rd6 69. Qh5+ Kc4 70. Qc5+ Kb3 71. a6 Rd7+ 72. Kc8 Ree7 73. a7 Ne6 74. a8=Q Rd8# 0-1


[Site "https://www.chess.com"]

[Event "Titled Tuesday Blitz April 19 Late 2022"]
[White "Perrine, Dalton"]
[Black "Kostiukov, Alexandr"]
[WhiteFideId "2048434"]
[BlackFideId "14108100"]
[WhiteElo "2482"]
[BlackElo "2202"]
[Result "1-0"]
[Round "09"]
[TimeControl "180+1"]
[Date "2022.04.19"]
[WhiteClock "0:00:12"]
[BlackClock "0:00:28"]

1. Nf3 c5 2. e4 g6 3. d4 cxd4 4. Qxd4 Nf6 5. Nc3 Nc6 6. Qa4 d6 7. e5 dxe5 8. Nxe5 Bg7 9. Bb5 Bd7 10. Nxc6 bxc6 11. Bxc6 O-O 12. O-O Rc8 13. Bxd7 Nxd7 14. Rd1 Rc7 15. Nd5 Rb7 16. c3 e6 17. Nb4 Nc5 18. Qc2 Qc7 19. Be3 a5 20. Nd3 Ne4 21. c4 Rfb8 22. Rab1 f5 23. f3 Nd6 24. Bf4 Qc6 25. c5 e5 26. Bxe5 Bxe5 27. Nxe5 Rd8 28. Nxc6 1-0


[Site "https://www.chess.com"]

[Event "Titled Tuesday Blitz April 19 Late 2022"]
[White "Petesch, Gabriel"]
[Black "Petrova, Irina"]
[WhiteFideId "2032465"]
[BlackFideId "14124122"]
[WhiteElo "2374"]
[BlackElo "1993"]
[Result "1-0"]
[Round "09"]
[TimeControl "180+1"]
[Date "2022.04.19"]
[WhiteClock "0:00:23"]
[BlackClock "0:00:08"]

1. Nf3 d5 2. b3 Nf6 3. Bb2 c6 4. g3 Bg4 5. Bg2 Nbd7 6. O-O e6 7. d3 Be7 8. Nbd2 O-O 9. c4 a5 10. a3 b5 11. Nd4 Qb6 12. Rc1 Rac8 13. h3 Bh5 14. g4 Bg6 15. f4 bxc4 16. dxc4 c5 17. Nb5 d4 18. Qe1 h6 19. e4 dxe3 20. Qxe3 Rfd8 21. f5 Bh7 22. Rce1 Nf8 23. Nf3 N6d7 24. g5 hxg5 25. Nxg5 Bxg5 26. Qxg5 f6 27. Qg3 Bxf5 28. Rxf5 exf5 29. Bd5+ Kh8 30. Re7 g5 31. Qxg5 Ng6 32. Qh6# 1-0


[Site "https://www.chess.com"]

[Event "Titled Tuesday Blitz April 19 Late 2022"]
[White "Potapova, Margarita"]
[Black "Przybylski, Wojciech"]
[WhiteFideId "14126869"]
[BlackFideId "1117599"]
[WhiteElo "2216"]
[BlackElo "2133"]
[Result "1-0"]
[Round "09"]
[TimeControl "180+1"]
[Date "2022.04.19"]
[WhiteClock "0:00:12"]
[BlackClock "0:00:07"]

1. e4 e5 2. Nf3 Nc6 3. c3 Nf6 4. d4 d6 5. Bc4 Be7 6. O-O O-O 7. Re1 Bg4 8. dxe5 dxe5 9. Qxd8 Raxd8 10. Be3 Nxe4 11. Nbd2 Nxd2 12. Nxd2 a6 13. f3 Bf5 14. Rad1 Bc2 15. Rc1 Na5 16. Rxc2 Rxd2 17. Bxf7+ Kxf7 18. Bxd2 Nc4 19. b3 Bc5+ 20. Kf1 Nxd2+ 21. Rxd2 Bd6 22. Ke2 Ke6 23. Kd3 a5 24. Re4 g5 25. h4 h6 26. Rd1 Rg8 27. hxg5 hxg5 28. Rh1 b5 29. Rh6+ Kd5 30. Rh5 b4 31. c4+ Kc5 32. Rg4 Be7 33. Ke4 Rd8 34. Rh7 Kd6 35. Rg3 Ke6 36. Rgh3 Rd2 37. R3h6+ Bf6 38. g4 Re2+ 39. Kd3 Rf2 40. Ke3 Rxa2 41. Rxc7 Rb2 42. Rc6+ Kd7 43. Rhxf6 Rxb3+ 44. Ke4 a4 45. Ra6 a3 46. Rf7+ Ke8 47. Rh7 a2 48. Ra8# 1-0


[Site "https://www.chess.com"]

[Event "Titled Tuesday Blitz April 19 Late 2022"]
[White "Prohorov, Olexandr"]
[Black "Gatterer, Florian"]
[WhiteFideId "14105578"]
[BlackFideId "811688"]
[WhiteElo "1993"]
[BlackElo "2218"]
[Result "1-0"]
[Round "09"]
[TimeControl "180+1"]
[Date "2022.04.19"]
[WhiteClock "0:00:14"]
[BlackClock "0:00:18"]

1. e4 c6 2. d4 d5 3. e5 Bf5 4. Nf3 e6 5. Be2 Nd7 6. O-O Ne7 7. Be3 h6 8. a4 g5 9. Ne1 c5 10. g4 Bg6 11. c3 Bg7 12. Bd3 Qc7 13. b4 c4 14. Bxg6 Nxg6 15. Ng2 f6 16. Qc2 Ne7 17. f4 f5 18. fxg5 fxg4 19. Nf4 Nf8 20. Nh5 Bxe5 21. dxe5 Qxe5 22. Bd4 Qxg5 23. Bxh8 Qxh5 24. Qe2 O-O-O 25. Bf6 Nfg6 26. Bxe7 Rd7 27. Bc5 e5 28. Nd2 b6 29. Be3 Nh4 30. Rf8+ Kb7 31. Raf1 d4 32. cxd4 exd4 33. Qxc4 Nf3+ 34. Nxf3 gxf3 35. Qc8# 1-0


[Site "https://www.chess.com"]

[Event "Titled Tuesday Blitz April 19 Late 2022"]
[White "Reprintsev, Alexander"]
[Black "Pinheiro, Iung Alicio de O."]
[WhiteFideId "14100541"]
[BlackFideId "2104350"]
[WhiteElo "2108"]
[BlackElo "2600"]
[Result "1-0"]
[Round "09"]
[TimeControl "180+1"]
[Date "2022.04.19"]
[WhiteClock "0:00:13"]
[BlackClock "0:00:07"]

1. e4 c5 2. b3 Nf6 3. e5 Nd5 4. Nc3 Nxc3 5. dxc3 d5 6. exd6 e6 7. Bf4 Qf6 8. Qd2 e5 9. Qe3 Bxd6 10. Bg5 Qg6 11. O-O-O O-O 12. h4 h6 13. Bd3 f5 14. Bc4+ Kh8 15. Qd2 Bc7 16. Be7 Re8 17. Bxc5 Nc6 18. Nf3 e4 19. Ng5 Ne5 20. Bd5 Bb6 21. Bd4 Bxd4 22. cxd4 Ng4 23. Bf7 Qc6 24. Bxe8 Qxe8 25. Nh3 Be6 26. Nf4 Bf7 27. h5 Rc8 28. Kb1 b5 29. f3 e3 30. Qd3 Nf2 31. Qxf5 Nxh1 32. Rxh1 Qc6 33. Rc1 Rc7 34. Qd3 Re7 35. Ne2 Qd6 36. g4 b4 37. c4 bxc3 38. Rxc3 Re8 39. Kb2 Qe7 40. Qf5 Be6 41. Qe5 Bf7 42. Qxe7 Rxe7 43. Rc8+ Kh7 44. Kc3 g6 45. hxg6+ Bxg6 46. Rc5 a6 47. b4 Rf7 48. Re5 Rxf3 49. d5 Kg7 50. Kd4 Rf2 51. Rxe3 Kf6 52. Re6+ Kf7 53. Re4 Rf1 54. Rf4+ Rxf4+ 55. Nxf4 Bb1 56. a3 Ba2 57. Kc5 Kf6 58. Nd3 Ke7 59. Ne5 Bb1 60. d6+ Kd8 61. Nf7+ Kd7 62. Nxh6 Be4 63. Nf5 Bf3 64. Ne3 Be4 65. g5 Bg6 66. Nc4 Ke6 67. Nb6 Be4 68. a4 Bf3 69. g6 Be4 70. g7 Bh7 71. Kc6 Be4+ 72. Kc7 Bh7 73. d7 Kf7 74. d8=Q Kxg7 75. Nd5 Bg6 76. Qe7+ Kh6 77. Qd6 a5 78. Qxg6+ Kxg6 79. bxa5 Kf5 80. Nb6 Ke5 81. a6 Kd4 82. a7 Kc5 83. a8=Q Kb4 84. Qc6 Ka5 85. Qb5# 1-0


[Site "https://www.chess.com"]

[Event "Titled Tuesday Blitz April 19 Late 2022"]
[White "Romero Ruscalleda, Josep"]
[Black "Piliczewski, Bogusz"]
[WhiteFideId "2231859"]
[BlackFideId "1104144"]
[WhiteElo "2292"]
[BlackElo "1896"]
[Result "1-0"]
[Round "09"]
[TimeControl "180+1"]
[Date "2022.04.19"]
[WhiteClock "0:00:16"]
[BlackClock "0:00:07"]

1. e4 c6 2. Nc3 d5 3. Nf3 Bg4 4. h3 Bxf3 5. Qxf3 dxe4 6. Nxe4 e6 7. c3 Nd7 8. d4 Ngf6 9. Bd3 Be7 10. O-O Nxe4 11. Qxe4 Nf6 12. Qe2 O-O 13. Bf4 Re8 14. Be5 Nd7 15. Bg3 Nf8 16. a4 Bd6 17. f4 Qc7 18. Rf3 a5 19. Raf1 g6 20. Bh4 Be7 21. Qf2 Qd8 22. Bg3 Bf6 23. Qe2 Qd7 24. Be1 Rad8 25. g4 Qd6 26. Qd2 c5 27. dxc5 Qxc5+ 28. Bf2 Qc7 29. Qe2 Rd6 30. f5 Red8 31. fxg6 Rxd3 32. gxf7+ Qxf7 33. Rxd3 Rxd3 34. Qxd3 Qd7 35. Qe4 Bg7 36. Be3 Ng6 37. Bd4 e5 38. Be3 Nf8 39. Qc4+ Kh8 40. Qc5 Ne6 41. Qb5 1-0


[Site "https://www.chess.com"]

[Event "Titled Tuesday Blitz April 19 Late 2022"]
[White "Rosen, Eric"]
[Black "Kazakouski, Valery"]
[WhiteFideId "2032562"]
[BlackFideId "13507443"]
[WhiteElo "2362"]
[BlackElo "2524"]
[Result "0-1"]
[Round "09"]
[TimeControl "180+1"]
[Date "2022.04.19"]
[WhiteClock "0:00:04"]
[BlackClock "0:00:14"]

1. e4 c5 2. Nf3 a6 3. c3 d5 4. exd5 Qxd5 5. d4 Bg4 6. Be2 Nf6 7. O-O e6 8. Be3 cxd4 9. Qxd4 Nc6 10. Qa4 b5 11. Qb3 Be7 12. Rd1 Qxb3 13. axb3 O-O 14. h3 Bh5 15. g4 Bg6 16. Bf4 Bc2 17. Re1 Bxb3 18. Nbd2 Bd5 19. Be3 Rfc8 20. Nf1 Nd7 21. Ng3 Bc5 22. Bxc5 Nxc5 23. Nd2 Ne5 24. Red1 Ng6 25. Bf3 Bxf3 26. Nxf3 Nf4 27. Kh2 Ncd3 28. Rd2 Nc5 29. Ne2 Nb3 30. Nxf4 Nxa1 31. Rd7 Nb3 32. Ne5 Rf8 33. Nc6 Nc5 34. Rc7 Kh8 35. Ne5 Rac8 36. Rxc8 Rxc8 37. Nxf7+ Kg8 38. Ng5 Na4 39. Nd3 Rd8 40. Nb4 a5 41. Nc6 Rd2 42. Nxa5 Rxf2+ 43. Kg3 Rxb2 44. Nxe6 Nxc3 45. Nd4 b4 46. Nac6 Rb1 47. Kh4 b3 48. Na5 b2 49. Nc4 Na4 50. Ne2 Rd1 51. Nxb2 Nxb2 52. Nc3 Rd6 53. Ne4 Rh6+ 54. Kg3 Nc4 55. g5 Re6 56. Nc3 Re3+ 57. Kh4 Rxc3 58. Kh5 Ne5 59. h4 g6+ 60. Kh6 Nf7# 0-1


[Site "https://www.chess.com"]

[Event "Titled Tuesday Blitz April 19 Late 2022"]
[White "Rytenko, Vsevolod"]
[Black "Vasquez Schroeder, Rodrigo"]
[WhiteFideId "14133040"]
[BlackFideId "3400042"]
[WhiteElo "2120"]
[BlackElo "2561"]
[Result "0-1"]
[Round "09"]
[TimeControl "180+1"]
[Date "2022.04.19"]
[WhiteClock "0:00:18"]
[BlackClock "0:00:54"]

1. d4 Nf6 2. Bg5 e6 3. e4 h6 4. Bxf6 Qxf6 5. Nc3 d6 6. Qd2 Nd7 7. f4 c6 8. e5 Qd8 9. Nf3 d5 10. Bd3 c5 11. f5 cxd4 12. Nxd4 Qh4+ 13. Kf1 Qxd4 14. fxe6 Bc5 15. exd7+ Bxd7 16. Nb5 Qxb2 17. Nc7+ Kd8 18. Nxa8 Qxa1+ 19. Ke2 Qxh1 20. Qa5+ b6 21. Qxa7 Qxg2+ 22. Kd1 Qg1+ 23. Kd2 Qe3+ 24. Kc3 Qd4+ 25. Kd2 Qf4+ 26. Ke1 Bb4+ 27. c3 Bxc3+ 28. Kd1 Qd2# 0-1


[Site "https://www.chess.com"]

[Event "Titled Tuesday Blitz April 19 Late 2022"]
[White "Saldano Dayer, Horacio"]
[Black "Goryachkina, Aleksandra"]
[WhiteFideId "103411"]
[BlackFideId "4147103"]
[WhiteElo "2497"]
[BlackElo "2610"]
[Result "0-1"]
[Round "09"]
[TimeControl "180+1"]
[Date "2022.04.19"]
[WhiteClock "0:00:13"]
[BlackClock "0:00:04"]

1. d4 Nf6 2. Bg5 Ne4 3. h4 h6 4. Bf4 d5 5. e3 c5 6. Bd3 Nf6 7. Nc3 cxd4 8. exd4 Bg4 9. Qd2 Nc6 10. f3 Bd7 11. Nge2 e6 12. g4 Nb4 13. O-O-O Rc8 14. Kb1 Nxd3 15. Qxd3 Bb4 16. g5 Nh5 17. Be5 Qb6 18. Ka1 Qa6 19. Qe3 f6 20. gxf6 gxf6 21. Rhg1 Kf7 22. f4 Rhg8 23. Qf3 Ng7 24. f5 Nxf5 25. Qh5+ Ke7 26. Bf4 Bxc3 27. Nxc3 b5 28. Rge1 Ng7 29. Nxd5+ Kf8 30. Qxh6 exd5 31. Bg5 Rc6 32. Rf1 Re6 33. Rde1 Rxe1+ 34. Rxe1 Kf7 35. Rf1 Nf5 36. Qh5+ Rg6 37. Bxf6 Qxf6 38. a3 Be6 39. Qh7+ Rg7 40. Qh5+ Ke7 41. Qf3 Kd7 42. Qc3 Qxd4 43. Qa5 Rg1 44. Rxg1 Qxg1+ 45. Ka2 Qc5 46. Qb4 Qxb4 47. b3 Qc3 0-1


[Site "https://www.chess.com"]

[Event "Titled Tuesday Blitz April 19 Late 2022"]
[White "Sanal, Vahap"]
[Black "Koziorowicz, Michal"]
[WhiteFideId "6300545"]
[BlackFideId "21809194"]
[WhiteElo "2603"]
[BlackElo "2235"]
[Result "0-1"]
[Round "09"]
[TimeControl "180+1"]
[Date "2022.04.19"]
[WhiteClock "0:01:37"]
[BlackClock "0:01:13"]

1. e4 c5 2. Nf3 d6 3. d4 cxd4 4. Nxd4 Nf6 5. Nc3 g6 6. f3 Bg7 7. Be3 O-O 8. Qd2 Nc6 9. O-O-O d5 10. exd5 Nxd5 11. Nxc6 bxc6 12. Bd4 Bxd4 13. Qxd4 Qb6 14. Na4 Qa5 15. b3 Qc7 16. Bc4 Rd8 17. Qc5 Qe5 18. Qd4 Qc7 19. Rhe1 Be6 20. Nc5 Nf4 21. Nxe6 Nxe6 22. Qe5 Rxd1+ 23. Kxd1 Rd8+ 24. Kc1 Rd6 25. Bxe6 fxe6 26. Kb2 Qb6 27. Qc3 Qf2 28. Re4 Qxg2 29. Rb4 Qxh2 30. Rb8+ Kf7 31. Qh8 Qh6 32. Qg8+ Kf6 33. Rf8+ Ke5 34. Qh8+ Kd5 35. c4+ Kc5 36. Qe5+ Kb6 37. c5+ Kb7 38. cxd6 Qxf8 39. d7 Qd8 40. Qd4 e5 41. Qd2 Kc7 42. Qa5+ Kxd7 43. Qxa7+ Ke6 44. a4 h5 45. a5 h4 46. a6 h3 47. Qe3 h2 48. Qh6 Qd4+ 49. Ka2 Qf2+ 50. Ka3 Qg1 51. Qh3+ Kd6 52. a7 h1=Q 0-1


[Site "https://www.chess.com"]

[Event "Titled Tuesday Blitz April 19 Late 2022"]
[White "Sanchez Alvares, Kelvin Antonio"]
[Black "Zhou, Qiyu"]
[WhiteFideId "3906680"]
[BlackFideId "505161"]
[WhiteElo "2193"]
[BlackElo "1925"]
[Result "0-1"]
[Round "09"]
[TimeControl "180+1"]
[Date "2022.04.19"]
[WhiteClock "0:00:47"]
[BlackClock "0:00:26"]

1. e4 c5 2. Nf3 d6 3. d4 cxd4 4. Nxd4 Nf6 5. f3 Nc6 6. c4 e6 7. Nc3 Be7 8. Be3 O-O 9. Qd2 a6 10. Be2 Qc7 11. Rc1 Bd7 12. Nd5 exd5 13. cxd5 Rfc8 14. O-O Qd8 15. dxc6 bxc6 16. Rfd1 d5 17. e5 Ne8 18. Nb3 Nc7 19. f4 a5 20. Nxa5 Ne6 21. Nb3 Rxa2 22. f5 Nf8 23. Rf1 Rb8 24. f6 Rxb3 25. fxe7 Qxe7 26. Bd4 Ne6 27. Bh5 g6 28. Bf3 Nxd4 29. Qxd4 Rbxb2 30. e6 Qxe6 31. Rce1 Qd6 32. Qh4 Kg7 33. Qd8 Rxg2+ 34. Bxg2 Rxg2+ 35. Kxg2 Bh3+ 36. Kxh3 Qxd8 37. Ra1 Qd7+ 38. Kg3 c5 39. Ra5 Qc7+ 0-1


[Site "https://www.chess.com"]

[Event "Titled Tuesday Blitz April 19 Late 2022"]
[White "Saraci, Nderim"]
[Black "Skliarov, Viktor"]
[WhiteFideId "6351921"]
[BlackFideId "14106736"]
[WhiteElo "2553"]
[BlackElo "2229"]
[Result "1-0"]
[Round "09"]
[TimeControl "180+1"]
[Date "2022.04.19"]
[WhiteClock "0:01:07"]
[BlackClock "0:00:18"]

1. b3 e5 2. Bb2 Nc6 3. e3 Nf6 4. Nf3 Bd6 5. c4 Qe7 6. Nc3 e4 7. Nd4 Nxd4 8. exd4 c6 9. Be2 O-O 10. O-O a6 11. d3 e3 12. Bf3 Bf4 13. g3 exf2+ 14. Kg2 Be3 15. Qe2 Re8 16. Ne4 Nxe4 17. dxe4 Qg5 18. Bc1 Bxc1 19. Raxc1 d5 20. cxd5 cxd5 21. e5 Be6 22. Kxf2 Rac8 23. Qe3 Qxe3+ 24. Kxe3 f6 25. Rfe1 Kf7 26. Bh5+ g6 27. Bf3 Ke7 28. Kd2 fxe5 29. Rxe5 Rxc1 30. Kxc1 Rc8+ 31. Kd2 Kd6 32. Rxe6+ 1-0


[Site "https://www.chess.com"]

[Event "Titled Tuesday Blitz April 19 Late 2022"]
[White "Sarana, Alexey"]
[Black "Indjic, Aleksandar"]
[WhiteFideId "24133795"]
[BlackFideId "911925"]
[WhiteElo "2666"]
[BlackElo "2616"]
[Result "1/2-1/2"]
[Round "09"]
[TimeControl "180+1"]
[Date "2022.04.19"]
[WhiteClock "0:00:08"]
[BlackClock "0:00:04"]

1. d4 d5 2. c4 e6 3. Nf3 a6 4. cxd5 exd5 5. Nc3 c6 6. Qc2 Nf6 7. Bg5 Be7 8. e3 Be6 9. Bd3 Nbd7 10. O-O O-O 11. h3 Rc8 12. Rad1 Re8 13. Rfe1 Nf8 14. Ne5 N6d7 15. Bf4 Nxe5 16. Bxe5 Bd6 17. Bxd6 Qxd6 18. Na4 Qe7 19. Nc5 Rcd8 20. a4 Bc8 21. b4 Qf6 22. b5 cxb5 23. axb5 axb5 24. Bxb5 Re7 25. Bd3 Qg5 26. Kh2 Rc7 27. Qe2 Rc6 28. Qf3 b6 29. Na4 Qe7 30. Ra1 Ne6 31. Qg3 Ng5 32. Rec1 Rh6 33. Rc7 Qf6 34. Qf4 Qxf4+ 35. exf4 Ne6 36. Ra7 Nxf4 37. Bb5 Rhd6 38. Nc3 Bf5 39. Rc1 h5 40. g3 Ne6 41. Ne2 Be4 42. Rc3 g5 43. f3 Bg6 44. Kg2 Ng7 45. g4 Ne6 46. Kf2 Kg7 47. Rc1 Rh8 48. Kg2 hxg4 49. hxg4 Kf6 50. Rc3 Rdd8 51. Rc6 Rc8 52. Rxb6 Rc2 53. Rd7 Rb2 54. Rxd5 Bd3 55. Bxd3 Rxb6 56. Rf5+ Ke7 57. Re5 Kd6 58. Kg3 Rb3 59. Bc4 Rb2 60. Bxe6 fxe6 61. Nc3 Rb4 62. Ne4+ Kd7 63. d5 exd5 64. Rxd5+ Ke6 65. Rxg5 Rd4 66. Ra5 Kf7 67. Ng5+ Kg6 68. Ne4 Rf8 69. Ra6+ Kg7 70. Rb6 Re8 71. Ng5 Kg8 72. Rg6+ Kh8 73. Rh6+ Kg8 74. Ra6 Rd2 75. Rg6+ Kh8 76. Rf6 Kg8 77. Rf5 Kg7 78. Ne4 Kg6 79. Rf6+ Kg7 80. Rf5 Rd3 81. Kf4 Rd7 82. Rg5+ Kh8 83. Rh5+ Kg7 84. Ra5 Rf7+ 85. Kg3 Rfe7 86. Ng5 Re5 87. Ra7+ R8e7 88. Rxe7+ Rxe7 89. f4 Ra7 90. Kh4 Ra4 91. f5 Kf6 92. Nf3 Rf4 93. Kg3 Ra4 94. Nh2 Kg5 95. Nf3+ Kf6 96. Kh3 Rf4 97. Nh4 Kg5 98. Ng6 Rxg4 99. Ne5 Re4 100. Nf7+ Kf6 101. Nh6 Rf4 102. Kg3 Ra4 103. Ng4+ Kxf5 104. Ne3+ Ke4 105. Ng2 Ra7 106. Nh4 Rg7+ 107. Kf2 Rf7+ 108. Kg3 Rf6 109. Kg4 Rf4+ 110. Kg5 Rf1 111. Ng6 Rg1+ 112. Kf6 Kd5 113. Nf4+ Ke4 114. Ng6 Rxg6+ 115. Kxg6 1/2-1/2


[Site "https://www.chess.com"]

[Event "Titled Tuesday Blitz April 19 Late 2022"]
[White "Sarkar, Justin"]
[Black "Blackman, Justin"]
[WhiteFideId "2010011"]
[BlackFideId "11100516"]
[WhiteElo "2038"]
[BlackElo "2112"]
[Result "1-0"]
[Round "09"]
[TimeControl "180+1"]
[Date "2022.04.19"]
[WhiteClock "0:00:04"]
[BlackClock "0:00:20"]

1. e4 e5 2. Nc3 Nc6 3. f4 exf4 4. d4 d6 5. Nf3 Be7 6. Bxf4 Nf6 7. d5 Nb8 8. Bd3 O-O 9. O-O Nbd7 10. b4 Ng4 11. h3 Nge5 12. Nd4 Bg5 13. Qd2 Bxf4 14. Qxf4 Ng6 15. Qg3 Nde5 16. Nf5 Re8 17. a3 a5 18. Kh2 Bd7 19. Ne2 h6 20. Ned4 Qg5 21. h4 Qxg3+ 22. Kxg3 h5 23. Be2 Ne7 24. Nxe7+ Rxe7 25. Bxh5 Nc4 26. Bf3 Nd2 27. Rfe1 axb4 28. axb4 Rxa1 29. Rxa1 Nxe4+ 30. Kh2 Nd2 31. Ra7 Nxf3+ 32. gxf3 Bc8 33. Ra8 Re8 34. Nb5 Bd7 35. Rxe8+ Bxe8 36. Nxc7 Bd7 37. c4 Kf8 38. c5 Ke7 39. Kg3 Kd8 40. cxd6 Bb5 41. Kf4 Kd7 42. Ke5 f6+ 43. Kd4 Be2 44. f4 Kxd6 45. Ne8+ Ke7 46. Nxg7 Bg4 47. h5 Kf7 48. h6 Kg6 49. d6 Kxh6 50. f5 Kxg7 51. d7 Bxf5 52. d8=Q Kg6 53. Qc7 Be4 54. Qd6 Bc6 55. Kc5 Kg5 56. b5 Bxb5 57. Kxb5 f5 58. Kb6 f4 59. Kxb7 Kg4 60. Qd4 Kg3 61. Qg1+ Kf3 62. Kc6 Ke2 63. Kd5 f3 64. Qg4 Ke3 65. Qe4+ Kf2 66. Ke5 Kg3 67. Qf4+ Kg2 68. Qg4+ Kf2 69. Kf4 Ke1 70. Qxf3 Kd2 71. Ke4 1-0


[Site "https://www.chess.com"]